AoeStats
← sartorius5559

Lombardia

509247788Analyzed
3v3 RM · 5d ago on Sep 26, 2026· 26m 9s· 6 players
Game mode
Random Map
Map size
Normal (6 player)
Population
200
Speed
Normal
Resources
Standard
Victory
Conquest
Starting age
Dark Age
Ending age
Imperial Age
RankedLock teamsTeams togetherTeam positionsShared explorationLock speedFull tech treeHidden civsTurbo modeCheats
Victory
Defeat
🇦🇷 Varangians · Argentina
1239
+16
🇦🇷 Japanese · Argentina
1235
+16
🇦🇷 Khmer · Argentina
1216
+17
🇨🇳 Persians · China
1258
-17
🇺🇸 Byzantines · United States
1237
-16
🇺🇸 Shu · United States
1236
-16
Bk.Casa
10:52 Feudal Age
14:25 Castle Age
12:35 Double-Bit Axe
14:18 Horse Collar
14:29 Gold Mining
14:43 Loom
15:20 Bow Saw
15:30 Fletching
23:29 Bodkin Arrow
24:38 Padded Archer Armor
25:38 Ballistics
JohnSalchichon
10:11 Feudal Age
14:07 Castle Age
12:37 Double-Bit Axe
12:33 Horse Collar
15:46 Bow Saw
15:38 Heavy Plow
16:02 Scale Barding Armor
21:33 Forging
22:16 Loom
25:04 Fletching
26:31 Bodkin Arrow
Queso Ruso
10:45 Feudal Age
10:57 Loom
13:38 Castle Age
12:34 Double-Bit Axe
12:32 Horse Collar
14:55 Bow Saw
20:27 Scale Barding Armor
22:34 Bloodlines
23:42 Chain Barding Armor
23:37 Gold Mining
24:30 Forging
CarverMX32
11:14 Feudal Age
15:12 Castle Age
13:27 Double-Bit Axe
13:38 Horse Collar
14:56 Loom
15:53 Gold Mining
16:29 Padded Archer Armor
19:27 Crossbowman
21:17 Fletching
23:16 Thumb Ring
23:58 Bodkin Arrow
26:04 Wheelbarrow
sartorius5559
8:44 Loom
11:16 Feudal Age
15:43 Castle Age
14:13 Double-Bit Axe
15:16 Horse Collar
16:51 Elite Skirmisher
18:15 Loom
DancingSword
10:46 Feudal Age
17:40 Castle Age
16:01 Double-Bit Axe
16:41 Horse Collar
20:05 Wheelbarrow
20:34 Bow Saw
21:30 Loom
25:54 Gold Mining
25:55 Stone Mining
26:07 Heavy Plow
Connection lost

Rejoining the realm…

Still unreachable

The connection could not be restored.

Session expired

The server has moved on; the page needs a fresh start.